 Dungeon Crawl Stone Soup version 0.22.1-1-ga44c0e56f4 (webtiles) character file.

48 Oyasumi the Conjurer (level 3, 0/16 HPs)
             Began as a Spriggan Conjurer on Sept 19, 2018.
             Succumbed to an adder's poison
             ... on level 2 of the Dungeon.
             The game lasted 00:21:13 (1899 turns).

Oyasumi the Conjurer (Spriggan Conjurer)            Turns: 1899, Time: 00:21:13

Health: 0/16       AC:  2    Str:  4    XL:     3   Next: 50%
Magic:  2/8        EV: 18    Int: 17    God:
Gold:   100        SH:  0    Dex: 16    Spells: 7/8 levels left

rFire    . . .     SeeInvis +   d - +1 dagger (venom)
rCold    . . .     Gourm    .   (shield restricted)
rNeg     . . .     Faith    .   k - +0 robe
rPois    .         Spirit   .   (helmet restricted)
rElec    .         Reflect  .   (no cloak)
rCorr    .         Harm     .   (gloves unavailable)
MR       .....                  (boots unavailable)
Stlth    +++.......             (no amulet)
HPRegen  0.05/turn              j - ring of flight
MPRegen  0.11/turn              (no ring)

@: lethally poisoned (0 -> -7), very slightly contaminated, very quick
A: very small, unfitting armour, see invisible, herbivore, speed 3, slow
metabolism 2
a: Evoke Flight


You were on level 2 of the Dungeon.
You were not hungry.

You visited 1 branch of the dungeon, and saw 2 of its levels.

You collected 100 gold pieces.

Inventory:

Hand Weapons
 d - a +1 dagger of venom (weapon)
Armour
 k - a +0 robe (worn)
Jewellery
 j - a ring of flight (left hand)
Scrolls
 b - a scroll of remove curse
 g - a scroll of identify {unknown}
 h - a scroll of enchant weapon {unknown}
Potions
 e - a potion of brilliance {unknown}
 f - a potion of lignification {unknown}
 i - a potion of haste
Comestibles
 c - 2 rations


   Skills:
 + Level 3.3 Dodging
 + Level 3.5 Stealth
 * Level 3.2 Spellcasting
 * Level 3.6 Conjurations


You had 7 spell levels left.
You knew the following spells:

 Your Spells              Type           Power        Failure   Level  Hunger
a - Magic Dart            Conj           ###.         3%          1    None

Your spell library contained the following spells:

 Spells                   Type           Power        Failure   Level  Hunger
 Searing Ray              Conj           ###...       6%          2    ##.....
 Dazzling Spray           Conj/Hex       #.....       24%         3    ###....
 Iskenderun's Mystic Bla  Conj           ###.....     36%         4    ####...
 Force Lance              Conj/Tloc      #.......     63%         4    ####...
 Fulminant Prism          Conj/Hex       #.........   63%         4    ####...


Dungeon Overview and Level Annotations

Branches:
Dungeon (2/15)

Altars:
Xom


Innate Abilities, Weirdness & Mutations

You are very small and have problems with some larger weapons.
You are too small for most types of armour.
You have supernaturally acute eyesight. (SInv)
You are a herbivore.
You cover ground extremely quickly.
You need to consume almost no food.


Message History

* * * LOW HITPOINT WARNING * * *
You feel sick.
Found a shimmering altar of Xom.
A rat comes into view.
* * * LOW HITPOINT WARNING * * *
You feel sick.
A frilled lizard and a kobold come into view.
The kobold shouts!
You hear a shout!
The kobold throws a stone.
The stone closely misses you.
Really walk into that teleport trap?
You enter a teleport trap!
The teleport trap disappears.
Your surroundings suddenly seem different.
* * * LOW HITPOINT WARNING * * *
You feel sick.
* * * LOW HITPOINT WARNING * * *
You feel sick.
* * * LOW HITPOINT WARNING * * *
You feel sick.
A rat comes into view.
You die...

. ## .# ### ## ..
##. .. ... .##..
##... r.. .K.# #.
#.# #### #... ##.#
##### #... ###..#
....# ###..# #.@.##
..#.###..... #.###
#.S.........###.#
.#......#.......#
..........#.....#
.##...######..#.###
........<...........
..###.....###.##.###
........#.###....#


There were no monsters in sight!

Vanquished Creatures
  A gnoll (D:1)
  3 dart slugs (D:1)
  A leopard gecko (D:1)
  3 bats (D:1)
  A giant cockroach (D:1)
  A goblin (D:1)
  2 hobgoblins (D:1)
  3 jackals (D:1)
  2 frilled lizards (D:1)
  12 kobolds (D:1)
  7 rats
36 creatures vanquished.

Notes
Turn   | Place    | Note
-------+----------+-------------------------------------------
     0 | D:1      | Oyasumi the Spriggan Conjurer began the quest for the Orb.
     0 | D:1      | Reached XP level 1. HP: 9/9 MP: 5/5
     4 | D:1      | Noticed a six-headed hydra
   334 | D:1      | Reached XP level 2. HP: 13/13 MP: 1/6
   867 | D:1      | Reached XP level 3. HP: 16/16 MP: 0/8
  1879 | D:2      | Found a shimmering altar of Xom.
  1899 | D:2      | Succumbed to an adder's poison

Skill      XL: |  1  2 |
---------------+-------+-----
Conjurations   | 3 |  3.6
Spellcasting   | 3 |  3.2
Dodging        | |  3.3
Stealth        | |  3.5

Action                   || total
-------------------------++-------
Melee: Dagger            ||    24
 Cast: Magic Dart        ||   113
  Use: Scroll            ||     1
Armor: Robe              ||     7
Dodge: Dodged            ||    80
